 Dungeon Crawl Stone Soup version 0.31-a0-825-gf28bc0971e (webtiles) character file.

Game seed: 4733959157287446322

61807 qw the Marksgargoyle (level 15, -7/98 HPs)
             Began as a Gargoyle Hunter on Sept 23, 2023.
             Was a High Priest of Okawaru.
             Killed from afar by a frost giant (33 damage)
             ... with a bolt of cold
             ... on level 14 of the Dungeon.
             The game lasted 00:11:09 (16374 turns).

qw the Marksgargoyle (Gargoyle Hunter)             Turns: 16374, Time: 00:11:10

Health: -7/98      AC: 34    Str: 15    XL:     15   Next: 4%
Magic:  15/22      EV: 23    Int: 11    God:    Okawaru [*****.]
Gold:   395        SH:  5    Dex: 19    Spells: 14/14 levels left

rFire   + . .        i - +1 longbow
rCold   . . .        (shield currently unavailable)
rNeg    + . .        u - +2 ring mail {rF+}
rPois   inf          n - +0 helmet
rElec   +            t - +1 cloak {Will+}
rCorr   .            q - +1 pair of gloves
SInv    .            k - +0 pair of boots
Will    ++...        s - amulet of reflection
Stlth   +++          d - +5 ring of evasion
HPRegen 0.36/turn    r - +4 ring of protection
MPRegen 0.18/turn

%: reflection
@: heroic, finesse-ful, flying
A: sickness immunity, AC +11, big wings, negative energy resistance 1,
electricity resistance, torment resistance 1, petrification resistance
a: Renounce Religion, Heroism, Finesse, Duel


You were on level 14 of the Dungeon.
You worshipped Okawaru.
Okawaru was extremely pleased with you.
You visited 3 branches of the dungeon, and saw 20 of its levels.

You collected 1449 gold pieces.
You spent 1054 gold pieces at shops.


Innate Abilities, Weirdness & Mutations

You are immune to sickness and miasma.
Your stone body is resilient. (AC +11)
You are immune to poison.
Your large and strong wings let you fly.
You resist negative energy. (rN+)
You are resistant to electric shocks. (rElec)
You are resistant to unholy torment.
You are immune to petrification.


   Skills:
 - Level 13.0(18.0) Fighting
 - Level 19.0(24.0) Ranged Weapons
 - Level 9.3(14.3) Armour
 + Level 6.7(11.7) Dodging
 - Level 1.1(6.1) Stealth
 - Level 10.0 Invocations


You had 14 spell levels left.
You didn't know any spells.
Your spell library was empty.

Inventory:

Hand Weapons
 i - a +1 longbow (weapon)
Armour
 c - a +0 troll leather armour
 k - a +0 pair of boots (worn)
 n - a +0 helmet (worn)
 q - a +1 pair of gloves (worn)
 t - a +1 cloak of willpower (worn)
 u - a +2 ring mail of fire resistance (worn)
Jewellery
 d - a +5 ring of evasion (left hand)
 r - a +4 ring of protection (right hand)
 s - an amulet of reflection (around neck)
Scrolls
 a - 8 scrolls of identify
 j - 5 scrolls of teleportation
Potions
 b - 3 potions of cancellation
 e - 4 potions of heal wounds
 f - 7 potions of curing
 g - 2 potions of magic
 h - a potion of might
 l - 3 potions of enlightenment
 o - 3 potions of mutation

Dungeon Overview and Level Annotations

Branches:
Dungeon (14/15)            Temple (1/1) D:6            Lair (5/5) D:10
 Shoals (0/4) Lair:2        Snake (0/4) Lair:3        Slime (0/5) Lair:4
    Orc (0/2) D:11
 Vaults: D:13-14

Altars:
Ashenzari
Cheibriados
Dithmenos
Elyvilon
Fedhas
Gozag
Hepliaklqana
Kikubaaqudgha
Makhleb
Nemelex Xobeh
Okawaru
Qazlal
Ru
Sif Muna
Trog
Uskayaw
Vehumet
Wu Jian
Xom
Yredelemnul
Zin
The Shining One
Jiyva

Shops:
D:1 [   D:2 (   D:3 !   D:6 ?   D:10 [!*   D:12 [=

Portals:
Trove: D:10 (give +6 demon blade)

Annotations:
D:11 exclusion: moth of wrath


Message History

You shoot an arrow.
The arrow hits the deep elf zephyrmancer!
The deep elf zephyrmancer is almost dead.
You shoot an arrow.
The arrow hits the deep elf zephyrmancer.
The deep elf zephyrmancer is almost dead.
You shoot an arrow.
The arrow hits the deep elf zephyrmancer!!
You kill the deep elf zephyrmancer!
Okawaru accepts your kill.
You start resting.
A frost giant is nearby!
16366 ||| INVOKING Finesse.
You can now deal lightning-fast blows.
You shoot an arrow. The frost giant shouts!
The arrow hits the frost giant.
The frost giant is lightly wounded.
You hear two shouts!
You hear a horrible gurgling sound!
You shoot an arrow. The arrow hits the frost giant!!
The frost giant is moderately wounded.
You shoot an arrow. The arrow hits the frost giant!!
The frost giant is heavily wounded.
You feel like a meek peon again.
16370 ||| INVOKING Heroism.
You gain the combat prowess of a mighty hero.
The frost giant casts a spell at you. The bolt of cold hits you!
You hear a horrible gurgling sound!
You shoot an arrow. The arrow hits the frost giant!
The frost giant is severely wounded.
You shoot an arrow. The arrow hits the frost giant!
The frost giant is severely wounded.
You shoot an arrow. The arrow hits the frost giant!
The frost giant is almost dead.
You shoot an arrow.
The arrow barely misses the frost giant.
The frost giant casts a spell at you. The bolt of cold hits you!!
You die...

#..#.#
#..#.#
#..#.#
#%.#.#
#.C#..
#..#..
#).#.#
#..#..
#@.#
#.)#
#....
#....#
##.....
#.....
######


You could see a frost giant.

Vanquished Creatures
  Josephine (D:13)
  Erolcha (D:9)
  Fannar (D:12)
  Erica (D:9)
  A catoblepas (Lair:2)
  2 boulder beetles
  4 death yaks (Lair:4)
  2 two-headed ogres
  A tengu warrior (D:13)
  2 skysharks
  An orc knight (D:14)
  A deep elf zephyrmancer (D:14)
  2 wolf spiders (Lair:5)
  2 oklob plants (Lair:3)
  5 ugly things
  6 cyclopes
  8 manticores
  7 black mambas
  2 merfolk sirens (Lair:2)
  Maurice (D:9)
  6 elephants (Lair:2)
  A guardian serpent (Lair:5)
  A torpor snail (Lair:5)
  16 cane toads
  A gargoyle (D:13)
  A kobold demonologist (D:12)
  An unseen horror (D:13)
  3 rime drakes
  8 komodo dragons
  2 merfolk (Lair:2)
  4 trolls
  20 blink frogs
  2 hornets (Lair:5)
  Sigmund (D:2)
  5 dream sheep (Lair:3)
  A shadow (D:9)
  A vampire (D:10)
  A spriggan (Lair:2)
  7 wraiths
  6 wyverns
  42 yaks
  A steam dragon (D:8)
  13 vampire mosquitoes
  5 basilisks
  3 redbacks (Lair:5)
  Grum (D:8)
  Menkaure (D:5)
  4 acid dragons
  3 wargs (D:10)
  26 water moccasins
  5 ice beasts
  3 orc warriors
  2 sky beasts
  4 black bears
  10 wolves
  7 centaurs
  A kobold brigand (D:8)
  Blork the orc (D:6)
  11 bullfrogs
  2 scorpions
  3 gnoll sergeants
  4 wights
  10 killer bees
  4 electric eels (D:11)
  10 howler monkeys
  A jelly (D:7)
  5 hounds
  3 orc priests
  2 gnoll boudas
  An iron imp (D:8)
  2 iguanas
  3 sleepcaps
  Natasha (D:2)
  19 orc wizards
  6 hell rats (Lair:2)
  16 gnolls
  11 adders
  2 ufetubi
  2 worms
  4 dart slugs
  29 orcs
  4 endoplasms
  A giant cockroach (D:4)
  9 goblins
  7 hobgoblins
  4 jackals (D:4)
  4 quokkas
  9 ball pythons
  4 bats
  8 frilled lizards
  8 kobolds
  6 rats
486 creatures vanquished.

Notes
Turn   | Place    | Note
-------+----------+-------------------------------------------
     0 | D:1      | qw the Gargoyle Hunter began the quest for the Orb.
     0 | D:1      | Reached XP level 1. HP: 12/12 MP: 1/1
     0 | D:1      | 0 ||| qw: Version: 0.3-a-83-gcd0e7d8
     0 | D:1      | 0 ||| qw: Game counter: 1823
     0 | D:1      | 0 ||| qw: Melee chars always use a shield: true
     0 | D:1      | 0 ||| qw: God list: Okawaru
     0 | D:1      | 0 ||| qw: Allow faded altars: false
     0 | D:1      | 0 ||| qw: Do Orc after clearing Dungeon:15 true
     0 | D:1      | 0 ||| qw: Do second Lair branch before Depths: true
     0 | D:1      | 0 ||| qw: Lair rune preference: random
     0 | D:1      | 0 ||| qw: Goals: Normal
     0 | D:1      | 0 ||| PLANNING D:1-11
     6 | D:1      | Noticed a lindwurm
     6 | D:1      | Noticed a komodo dragon
     7 | D:1      | Noticed a six-headed hydra
     7 | D:1      | Noticed a polar bear
    89 | D:1      | Reached XP level 2. HP: 16/17 MP: 2/2
   187 | D:1      | Found a faded altar of an unknown god.
   263 | D:1      | Found Rousae's Antique Armour Shoppe.
   274 | D:1      | 274 ||| SHOPLISTING embroidered robe (92 gold, have 43).
   274 | D:1      | 274 ||| SHOPLISTING ring mail (100 gold, have 43).
   274 | D:1      | 274 ||| SHOPLISTING runed helmet (187 gold, have 43).
   274 | D:1      | 274 ||| SHOPLISTING steaming leather armour (175 gold, have
                  | 43).
   365 | D:1      | You fall into a shaft and drop 1 floor!
   379 | D:2      | 379 ||| FLEEEEING.
   380 | D:2      | 380 ||| FLEEEEING.
   381 | D:2      | 381 ||| FLEEEEING.
   382 | D:2      | 382 ||| FLEEEEING.
   393 | D:2      | Reached skill level 5 in Ranged Weapons
   393 | D:2      | Reached XP level 3. HP: 20/21 MP: 3/3
   395 | D:2      | 395 ||| UPGRADING to +5 ring of evasion.
   396 | D:2      | 396 ||| READING 2 scrolls labelled VUOMAN YNNUTS.
   397 | D:2      | 397 ||| READING scroll of enchant weapon.
   397 | D:2      | 397 ||| ENCHANTING +1 shortbow.
   398 | D:2      | 398 ||| READING scroll labelled BEP IRRUYSCH.
   399 | D:2      | 399 ||| READING scroll labelled LYULOSM OVOIH.
   400 | D:2      | 400 ||| READING 3 scrolls labelled AKHLOU WUBE.
   401 | D:2      | 401 ||| DRINKING 2 golden potions.
   402 | D:2      | 402 ||| DROPPING scroll of butterflies.
   403 | D:2      | 403 ||| DROPPING 2 scrolls of fear.
   406 | D:2      | 406 ||| FLEEEEING.
   407 | D:2      | 407 ||| STAIRDANCE
   737 | D:1      | 737 ||| UPGRADING to ring of willpower.
   738 | D:1      | 738 ||| READING scroll labelled XOTEIM GUCEVUE.
   785 | D:2      | Noticed Natasha
   787 | D:2      | Killed Natasha
   788 | D:2      | Reached skill level 3 in Fighting
   788 | D:2      | Reached XP level 4. HP: 19/28 MP: 4/4
   788 | D:2      | 788 ||| FLEEEEING.
   789 | D:2      | 789 ||| FLEEEEING.
   790 | D:2      | 790 ||| FLEEEEING.
   791 | D:2      | 791 ||| FLEEEEING.
   792 | D:2      | 792 ||| FLEEEEING.
   793 | D:2      | 793 ||| FLEEEEING.
   801 | D:2      | 801 ||| STAIRDANCE
   894 | D:2      | Found Maangixy's Antique Weapon Shoppe.
   905 | D:2      | 905 ||| SHOPLISTING glowing orcbow (136 gold, have 70).
  1075 | D:2      | Noticed Sigmund
  1097 | D:2      | Killed Sigmund
  1098 | D:2      | Reached skill level 6 in Ranged Weapons
  1098 | D:2      | Reached XP level 5. HP: 17/32 MP: 5/5
  1098 | D:2      | Reached XP level 6. HP: 20/37 MP: 6/6
  1245 | D:2      | 1245 ||| UPGRADING to +0 ring mail.
  1255 | D:2      | 1255 ||| DROPPING +0 leather armour.
  1256 | D:2      | 1256 ||| READING scroll labelled YPSYNI ZIKITI.
  1256 | D:2      | Identified a scroll of acquirement
  1256 | D:2      | 1256 ||| ACQUIRING +3 shortbow of flaming
  1256 | D:2      | Acquired a +3 shortbow of flaming
  1258 | D:2      | 1258 ||| SWAPPING to +3 shortbow of flaming.
  1259 | D:2      | 1259 ||| DROPPING +2 shortbow.
  1260 | D:2      | 1260 ||| READING scroll labelled MAOHISTU RELION.
  1261 | D:2      | 1261 ||| READING 2 scrolls of identify.
  1261 | D:2      | 1261 ||| IDENTIFYING bubbling cyan potion
  1561 | D:3      | Found Vyish's Distillery.
  1568 | D:3      | 1568 ||| BUYING 2 potions of heal wounds (130 gold).
  1568 | D:3      | Bought 2 potions of heal wounds for 130 gold pieces
  1568 | D:3      | 1568 ||| SHOPLISTING potion of cancellation (104 gold, have
                  | 36).
  1568 | D:3      | 1568 ||| SHOPLISTING potion of curing (39 gold, have 36).
  1568 | D:3      | 1568 ||| SHOPLISTING potion of enlightenment (65 gold, have
                  | 36).
  1568 | D:3      | 1568 ||| SHOPLISTING potion of heal wounds (65 gold, have
                  | 36).
  1568 | D:3      | 1568 ||| SHOPLISTING potion of might (52 gold, have 36).
  1569 | D:3      | 1569 ||| Stepping ~*~*~tactically~*~*~ (water).
  1649 | D:3      | Reached skill level 1 in Armour
  1649 | D:3      | Found a blossoming altar of Fedhas.
  1668 | D:3      | 1668 ||| FLEEEEING.
  1669 | D:3      | 1669 ||| FLEEEEING.
  1957 | D:3      | 1957 ||| UPGRADING to +0 cloak of stealth.
  1962 | D:3      | 1962 ||| UPGRADING to +0 pair of gloves.
  1967 | D:3      | 1967 ||| READING scroll labelled NUETEGEOWKE.
  1968 | D:3      | 1968 ||| READING 2 scrolls of identify.
  1968 | D:3      | 1968 ||| IDENTIFYING metallic white potion
  1969 | D:3      | 1969 ||| DROPPING potion of degeneration.
  2040 | D:4      | Found a stormy altar of Qazlal.
  2041 | D:4      | Noticed a fire elemental
  2072 | D:4      | Reached skill level 7 in Ranged Weapons
  2072 | D:4      | Reached XP level 7. HP: 43/43 MP: 7/7
  2131 | D:4      | 2131 ||| READING scroll of enchant weapon.
  2131 | D:4      | 2131 ||| ENCHANTING +3 shortbow of flaming.
  2208 | D:4      | Noticed an air elemental
  2214 | D:4      | Noticed a water elemental
  2225 | D:4      | 2225 ||| RETREEAATING.
  2236 | D:4      | 2236 ||| FLEEEEING.
  2237 | D:4      | 2237 ||| FLEEEEING.
  2238 | D:4      | 2238 ||| FLEEEEING.
  2239 | D:4      | 2239 ||| FLEEEEING.
  2240 | D:4      | 2240 ||| FLEEEEING.
  2241 | D:4      | 2241 ||| STAIRDANCE
  2310 | D:3      | 2310 ||| UPGRADING to +0 pair of boots.
  2315 | D:3      | 2315 ||| UPGRADING to amulet of guardian spirit.
  2320 | D:3      | 2320 ||| READING scroll labelled WOUROR PASS.
  2321 | D:3      | 2321 ||| READING scroll labelled JOKHLO BUNE.
  2487 | D:4      | Found an ornate altar of the Wu Jian Council.
  2744 | D:4      | Reached skill level 8 in Ranged Weapons
  2836 | D:4      | 2836 ||| UPGRADING to +0 acid dragon scales.
  2846 | D:4      | 2846 ||| DROPPING +0 ring mail.
  2847 | D:4      | 2847 ||| READING scroll labelled PAOFYA PECK.
  2899 | D:5      | Entered Level 5 of the Dungeon
  2988 | D:5      | Reached XP level 8. HP: 48/48 MP: 8/8
  3140 | D:5      | 3140 ||| Stepping ~*~*~tactically~*~*~ (water).
  3285 | D:5      | Found an opulent altar of Gozag.
  3285 | D:5      | Found an opulent altar of Gozag.
  3287 | D:5      | Found an opulent altar of Gozag.
  3291 | D:5      | Found an opulent altar of Gozag.
  3304 | D:5      | Noticed Menkaure
  3306 | D:5      | Killed Menkaure
  3759 | D:5      | 3759 ||| UPGRADING to +0 helmet.
  3764 | D:5      | 3764 ||| READING 2 scrolls labelled UNESURO YMOKO.
  3765 | D:5      | 3765 ||| DROPPING scroll of immolation.
  3799 | D:6      | Reached skill level 3 in Armour
  3826 | D:6      | 3826 ||| RETREEAATING.
  3832 | D:6      | 3832 ||| Stepping ~*~*~tactically~*~*~ (retreating).
  3854 | D:6      | Reached skill level 9 in Ranged Weapons
  3922 | D:6      | Found a staircase to the Ecumenical Temple.
  3923 | D:6      | 3923 ||| PLANNING TEMPLE
  3923 | D:6      | 3923 ||| DRINKING 2 fizzy cyan potions.
  3924 | D:6      | 3924 ||| DRINKING 2 grey potions.
  3925 | D:6      | 3925 ||| DROPPING potion of brilliance.
  3932 | Temple   | Found a transporter.
  3932 | Temple   | Found a transporter.
  3932 | Temple   | Found a transporter.
  3932 | Temple   | Found a transporter.
  3932 | Temple   | Entered the Ecumenical Temple
  3933 | Temple   | 3933 ||| PLANNING D:1-11
  4041 | D:6      | Reached skill level 6 in Fighting
  4190 | D:6      | Found The Oracle's Delphic Readings.
  4211 | D:6      | 4211 ||| BUYING scroll of enchant weapon (90 gold).
  4211 | D:6      | Bought a scroll of enchant weapon for 90 gold pieces
  4211 | D:6      | 4211 ||| BUYING scroll of identify (24 gold).
  4211 | D:6      | Bought a scroll of identify for 24 gold pieces
  4211 | D:6      | 4211 ||| BUYING scroll of identify (24 gold).
  4211 | D:6      | Bought a scroll of identify for 24 gold pieces
  4211 | D:6      | 4211 ||| SHOPLISTING scroll of identify (24 gold, have 11).
  4211 | D:6      | 4211 ||| READING scroll of enchant weapon.
  4211 | D:6      | 4211 ||| ENCHANTING +4 shortbow of flaming.
  4241 | D:6      | Reached XP level 9. HP: 53/55 MP: 7/9
  4298 | D:6      | Noticed Blork the orc
  4305 | D:6      | Killed Blork the orc
  4393 | D:6      | 4393 ||| READING scroll labelled WEK KYSKUI.
  4394 | D:6      | 4394 ||| READING scroll labelled LUVORO GAO.
  4395 | D:6      | 4395 ||| READING 3 scrolls of identify.
  4395 | D:6      | 4395 ||| IDENTIFYING purple potion
  4396 | D:6      | 4396 ||| DRINKING potion of experience.
  4396 | D:6      | Reached skill level 15 in Ranged Weapons
  4396 | D:6      | Reached XP level 10. HP: 60/60 MP: 10/10
  4534 | D:7      | Reached skill level 3 in Dodging
  4708 | D:7      | 4708 ||| FLEEEEING.
  4709 | D:7      | 4709 ||| FLEEEEING.
  4710 | D:7      | 4710 ||| FLEEEEING.
  4711 | D:7      | 4711 ||| FLEEEEING.
  4712 | D:7      | 4712 ||| FLEEEEING.
  4713 | D:7      | 4713 ||| FLEEEEING.
  5081 | D:7      | Found a glowing silver altar of Zin.
  5615 | D:7      | 5615 ||| READING scroll labelled DIQUCOYSITH.
  5716 | D:7      | 5716 ||| READING 2 scrolls of identify.
  5716 | D:7      | 5716 ||| IDENTIFYING pink potion
  5717 | D:7      | 5717 ||| DROPPING potion of magic.
  5829 | D:8      | Noticed Grum
  5831 | D:8      | 5831 ||| RETREEAATING.
  5835 | D:8      | 5835 ||| Stepping ~*~*~tactically~*~*~ (retreating).
  5836 | D:8      | 5836 ||| Stepping ~*~*~tactically~*~*~ (retreating).
  5857 | D:8      | Killed Grum
  5937 | D:8      | 5937 ||| FLEEEEING.
  5938 | D:8      | 5938 ||| FLEEEEING.
  5944 | D:8      | 5944 ||| FLEEEEING.
  5945 | D:8      | 5945 ||| FLEEEEING.
  5946 | D:8      | 5946 ||| FLEEEEING.
  5947 | D:8      | 5947 ||| FLEEEEING.
  5952 | D:8      | 5952 ||| FLEEEEING.
  5953 | D:8      | 5953 ||| FLEEEEING.
  5954 | D:8      | 5954 ||| FLEEEEING.
  5955 | D:8      | 5955 ||| FLEEEEING.
  5956 | D:8      | 5956 ||| FLEEEEING.
  5957 | D:8      | 5957 ||| FLEEEEING.
  5958 | D:8      | 5958 ||| FLEEEEING.
  5959 | D:8      | 5959 ||| FLEEEEING.
  5960 | D:8      | 5960 ||| FLEEEEING.
  5961 | D:8      | 5961 ||| FLEEEEING.
  5975 | D:8      | 5975 ||| FLEEEEING.
  5976 | D:8      | 5976 ||| FLEEEEING.
  5985 | D:8      | 5985 ||| STAIRDANCE
  6139 | D:8      | 6139 ||| Stepping ~*~*~tactically~*~*~ (retreating).
  6182 | D:8      | 6182 ||| SWAPPING to +0 orcbow.
  6183 | D:8      | 6183 ||| DROPPING +5 shortbow of flaming.
  6349 | D:8      | Found a snail-covered altar of Cheibriados.
  6517 | D:8      | Found a shimmering altar of Xom.
  6781 | D:8      | 6781 ||| UPGRADING to +1 pair of gloves.
  6791 | D:8      | 6791 ||| DROPPING +0 pair of gloves.
  6792 | D:8      | 6792 ||| UPGRADING to amulet of regeneration.
  6802 | D:8      | 6802 ||| DROPPING amulet of guardian spirit.
  6839 | D:9      | 6839 ||| STAIRDANCE
  6875 | D:9      | Noticed Erolcha
  6881 | D:9      | Noticed Erica
  6882 | D:9      | 6882 ||| RETREEAATING.
  6883 | D:9      | 6883 ||| STILL RETREEAATING.
  6890 | D:9      | Killed Erolcha
  6891 | D:9      | Reached skill level 9 in Fighting
  6891 | D:9      | Reached XP level 11. HP: 50/71 MP: 11/11
  6911 | D:9      | Killed Erica
  6964 | D:9      | 6964 ||| RETREEAATING.
  7004 | D:9      | Noticed a two-headed ogre
  7018 | D:9      | Reached skill level 6 in Armour
  7027 | D:9      | Killed a two-headed ogre
  7216 | D:9      | Noticed Maurice
  7216 | D:9      | Noticed a boulder beetle
  7217 | D:9      | 7217 ||| RETREEAATING.
  7223 | D:9      | 7223 ||| RETREEAATING.
  7262 | D:9      | Killed a boulder beetle
  7291 | D:9      | Killed Maurice
  7586 | D:9      | 7586 ||| UPGRADING to +1 cloak.
  7596 | D:9      | 7596 ||| DROPPING +0 cloak of stealth.
  7601 | D:10     | Entered Level 10 of the Dungeon
  7627 | D:10     | 7627 ||| RETREEAATING.
  7627 | D:10     | Found a staircase to the Lair.
  7628 | D:10     | 7628 ||| STILL RETREEAATING.
  7629 | D:10     | 7629 ||| STILL RETREEAATING.
  7630 | D:10     | 7630 ||| RETREEAATING.
  7631 | D:10     | 7631 ||| STILL RETREEAATING.
  7632 | D:10     | 7632 ||| STILL RETREEAATING.
  7633 | D:10     | 7633 ||| STILL RETREEAATING.
  7634 | D:10     | 7634 ||| STILL RETREEAATING.
  7635 | D:10     | 7635 ||| STILL RETREEAATING.
  7636 | D:10     | 7636 ||| STILL RETREEAATING.
  7637 | D:10     | 7637 ||| STILL RETREEAATING.
  7638 | D:10     | 7638 ||| STILL RETREEAATING.
  7639 | D:10     | 7639 ||| Stepping ~*~*~tactically~*~*~ (retreating).
  7640 | D:10     | 7640 ||| Stepping ~*~*~tactically~*~*~ (retreating).
  7710 | D:10     | 7710 ||| RETREEAATING.
  7714 | D:10     | 7714 ||| STILL RETREEAATING.
  7715 | D:10     | 7715 ||| STILL RETREEAATING.
  7716 | D:10     | 7716 ||| STILL RETREEAATING.
  7795 | D:10     | Found Vokokk's Distillery.
  7803 | D:10     | 7803 ||| BUYING 2 potions of cancellation (224 gold).
  7803 | D:10     | Bought 2 potions of cancellation for 224 gold pieces
  7803 | D:10     | 7803 ||| SHOPLISTING 2 potions of heal wounds (140 gold,
                  | have 0).
  7803 | D:10     | 7803 ||| SHOPLISTING potion of curing (42 gold, have 0).
  7842 | D:10     | Found a portal to a secret trove of treasure.
  7860 | D:10     | Found a shimmering blue altar of Sif Muna.
  7875 | D:10     | 7875 ||| Stepping ~*~*~tactically~*~*~ (water).
  7877 | D:10     | 7877 ||| Stepping ~*~*~tactically~*~*~ (water).
  7878 | D:10     | 7878 ||| Stepping ~*~*~tactically~*~*~ (water).
  7879 | D:10     | 7879 ||| Stepping ~*~*~tactically~*~*~ (water).
  7880 | D:10     | 7880 ||| Stepping ~*~*~tactically~*~*~ (water).
  7881 | D:10     | 7881 ||| Stepping ~*~*~tactically~*~*~ (water).
  7882 | D:10     | 7882 ||| Stepping ~*~*~tactically~*~*~ (water).
  7883 | D:10     | 7883 ||| Stepping ~*~*~tactically~*~*~ (water).
  7884 | D:10     | 7884 ||| UPGRADING to +0 troll leather armour.
  7885 | D:10     | 7885 ||| Stepping ~*~*~tactically~*~*~ (water).
  7886 | D:10     | 7886 ||| UPGRADING to +0 troll leather armour.
  7888 | D:10     | 7888 ||| UPGRADING to +0 troll leather armour.
  7889 | D:10     | 7889 ||| Stepping ~*~*~tactically~*~*~ (water).
  7890 | D:10     | 7890 ||| Stepping ~*~*~tactically~*~*~ (water).
  7892 | D:10     | 7892 ||| Stepping ~*~*~tactically~*~*~ (water).
  7894 | D:10     | 7894 ||| Stepping ~*~*~tactically~*~*~ (water).
  7897 | D:10     | 7897 ||| Stepping ~*~*~tactically~*~*~ (water).
  7899 | D:10     | 7899 ||| Stepping ~*~*~tactically~*~*~ (water).
  7902 | D:10     | 7902 ||| Stepping ~*~*~tactically~*~*~ (water).
  7904 | D:10     | 7904 ||| Stepping ~*~*~tactically~*~*~ (water).
  7905 | D:10     | 7905 ||| Stepping ~*~*~tactically~*~*~ (water).
  7908 | D:10     | 7908 ||| UPGRADING to +0 troll leather armour.
  7918 | D:10     | 7918 ||| DROPPING +0 acid dragon scales.
  7960 | D:10     | Found a glowing golden altar of the Shining One.
  8084 | D:10     | 8084 ||| Stepping ~*~*~tactically~*~*~ (retreating).
  8146 | D:10     | Noticed a cyclops
  8148 | D:10     | 8148 ||| FLEEEEING.
  8169 | D:10     | Killed a cyclops
  8216 | D:10     | Found Fuozxiuc's General Store.
  8220 | D:10     | 8220 ||| SHOPLISTING potion of might (60 gold, have 16).
  8220 | D:10     | 8220 ||| SHOPLISTING ring of fire (375 gold, have 16).
  8220 | D:10     | 8220 ||| SHOPLISTING scarf of Infinity {harm, MP-9 Int+3
                  | Dex+3} (115 gold, have 16).
  8401 | D:10     | Found a shadowy altar of Dithmenos.
  8488 | D:10     | Found Pankax's Antique Armour Emporium.
  8590 | D:10     | Found an iron altar of Okawaru.
  8591 | D:10     | 8591 ||| PLANNING OKAWARU WORSHIP
  8591 | D:10     | 8591 ||| READING scroll labelled XUGIOR POSK.
  8606 | D:10     | Became a worshipper of Warmaster Okawaru
  8607 | D:10     | 8607 ||| PLANNING D:1-11
  8659 | D:10     | 8659 ||| PLANNING LAIR
  8707 | Lair:1   | Entered Level 1 of the Lair of Beasts
  8716 | Lair:1   | Found a hide-covered altar of Uskayaw.
  8717 | Lair:1   | Noticed a boulder beetle
  8719 | Lair:1   | Found an ornate altar of the Wu Jian Council.
  8732 | Lair:1   | Reached XP level 12. HP: 77/77 MP: 12/12
  8818 | Lair:1   | Killed a boulder beetle
  9000 | Lair:1   | Reached skill level 16 in Ranged Weapons
  9074 | Lair:1   | 9074 ||| Stepping ~*~*~tactically~*~*~ (retreating).
  9077 | Lair:1   | Reached * piety under Okawaru
  9078 | Lair:1   | 9078 ||| INVOKING Heroism.
  9088 | Lair:1   | 9088 ||| RETREEAATING.
  9091 | Lair:1   | 9091 ||| RETREEAATING.
  9092 | Lair:1   | 9092 ||| STILL RETREEAATING.
  9093 | Lair:1   | 9093 ||| INVOKING Heroism.
  9096 | Lair:1   | 9096 ||| Stepping ~*~*~tactically~*~*~ (retreating).
  9097 | Lair:1   | 9097 ||| STILL RETREEAATING.
  9098 | Lair:1   | 9098 ||| Stepping ~*~*~tactically~*~*~ (retreating).
  9164 | Lair:1   | Reached skill level 1 in Invocations
  9263 | Lair:1   | 9263 ||| INVOKING Heroism.
  9722 | Lair:1   | 9722 ||| READING 7 scrolls of identify.
  9722 | Lair:1   | 9722 ||| IDENTIFYING murky coppery potion
  9723 | Lair:1   | 9723 ||| READING 6 scrolls of identify.
  9723 | Lair:1   | 9723 ||| IDENTIFYING murky sapphire potion
  9724 | Lair:1   | 9724 ||| DROPPING potion of attraction.
  9774 | Lair:2   | Noticed a skyshark
  9789 | Lair:2   | Killed a skyshark
  9819 | Lair:2   | Reached skill level 3 in Invocations
  9823 | Lair:2   | 9823 ||| RETREEAATING.
  9824 | Lair:2   | 9824 ||| STILL RETREEAATING.
  9826 | Lair:2   | 9826 ||| STILL RETREEAATING.
  9831 | Lair:2   | 9831 ||| STILL RETREEAATING.
  9833 | Lair:2   | 9833 ||| Stepping ~*~*~tactically~*~*~ (retreating).
  9834 | Lair:2   | 9834 ||| Stepping ~*~*~tactically~*~*~ (retreating).
  9844 | Lair:2   | Reached ** piety under Okawaru
  9854 | Lair:2   | 9854 ||| Stepping ~*~*~tactically~*~*~ (retreating).
  9855 | Lair:2   | 9855 ||| Stepping ~*~*~tactically~*~*~ (retreating).
  9856 | Lair:2   | 9856 ||| Stepping ~*~*~tactically~*~*~ (retreating).
  9857 | Lair:2   | 9857 ||| Stepping ~*~*~tactically~*~*~ (retreating).
  9858 | Lair:2   | 9858 ||| Stepping ~*~*~tactically~*~*~ (retreating).
  9859 | Lair:2   | 9859 ||| Stepping ~*~*~tactically~*~*~ (retreating).
  9860 | Lair:2   | 9860 ||| Stepping ~*~*~tactically~*~*~ (retreating).
  9861 | Lair:2   | 9861 ||| Stepping ~*~*~tactically~*~*~ (retreating).
  9862 | Lair:2   | 9862 ||| Stepping ~*~*~tactically~*~*~ (retreating).
  9863 | Lair:2   | 9863 ||| Stepping ~*~*~tactically~*~*~ (retreating).
  9864 | Lair:2   | 9864 ||| Stepping ~*~*~tactically~*~*~ (retreating).
  9865 | Lair:2   | 9865 ||| Stepping ~*~*~tactically~*~*~ (retreating).
  9866 | Lair:2   | 9866 ||| Stepping ~*~*~tactically~*~*~ (retreating).
  9867 | Lair:2   | 9867 ||| Stepping ~*~*~tactically~*~*~ (retreating).
  9868 | Lair:2   | 9868 ||| Stepping ~*~*~tactically~*~*~ (retreating).
  9880 | Lair:2   | 9880 ||| Stepping ~*~*~tactically~*~*~ (retreating).
  9881 | Lair:2   | 9881 ||| Stepping ~*~*~tactically~*~*~ (retreating).
  9882 | Lair:2   | 9882 ||| Stepping ~*~*~tactically~*~*~ (retreating).
  9923 | Lair:2   | Reached skill level 6 in Dodging
  9996 | Lair:2   | 9996 ||| FLEEEEING.
 10008 | Lair:2   | 10008 ||| RETREEAATING.
 10009 | Lair:2   | 10009 ||| STILL RETREEAATING.
 10030 | Lair:2   | Reached *** piety under Okawaru
 10064 | Lair:2   | Found a staircase to the Shoals.
 10103 | Lair:2   | Reached skill level 12 in Fighting
 10109 | Lair:2   | 10109 ||| INVOKING Heroism.
 10155 | Lair:2   | 10155 ||| INVOKING Heroism.
 10187 | Lair:2   | 10187 ||| RETREEAATING.
 10188 | Lair:2   | 10188 ||| INVOKING Heroism.
 10271 | Lair:2   | Reached XP level 13. HP: 87/87 MP: 16/16
 10607 | Lair:2   | 10607 ||| INVOKING Heroism.
 10634 | Lair:2   | 10634 ||| INVOKING Heroism.
 10832 | Lair:2   | 10832 ||| DROPPING scarf of shadows.
 10885 | Lair:3   | 10885 ||| INVOKING Heroism.
 11002 | Lair:3   | Found a staircase to the Snake Pit.
 11069 | Lair:3   | 11069 ||| SWAPPING to +0 longbow.
 11070 | Lair:3   | 11070 ||| DROPPING +0 orcbow.
 11184 | Lair:3   | 11184 ||| INVOKING Heroism.
 11186 | Lair:3   | 11186 ||| RETREEAATING.
 11211 | Lair:3   | 11211 ||| READING scroll of acquirement.
 11211 | Lair:3   | 11211 ||| ACQUIRING +4 ring of protection
 11211 | Lair:3   | Acquired a +4 ring of protection
 11213 | Lair:3   | 11213 ||| UPGRADING to +4 ring of protection.
 11258 | Lair:3   | 11258 ||| Stepping ~*~*~tactically~*~*~ (retreating).
 11259 | Lair:3   | 11259 ||| Stepping ~*~*~tactically~*~*~ (retreating).
 11260 | Lair:3   | 11260 ||| Stepping ~*~*~tactically~*~*~ (retreating).
 11261 | Lair:3   | 11261 ||| Stepping ~*~*~tactically~*~*~ (retreating).
 11262 | Lair:3   | 11262 ||| Stepping ~*~*~tactically~*~*~ (retreating).
 11263 | Lair:3   | 11263 ||| Stepping ~*~*~tactically~*~*~ (retreating).
 11264 | Lair:3   | 11264 ||| Stepping ~*~*~tactically~*~*~ (retreating).
 11265 | Lair:3   | 11265 ||| Stepping ~*~*~tactically~*~*~ (retreating).
 11266 | Lair:3   | 11266 ||| Stepping ~*~*~tactically~*~*~ (retreating).
 11307 | Lair:3   | Reached **** piety under Okawaru
 11385 | Lair:3   | Found a blossoming altar of Fedhas.
 11389 | Lair:3   | 11389 ||| INVOKING Heroism.
 11506 | Lair:3   | 11506 ||| INVOKING Heroism.
 11650 | Lair:3   | 11650 ||| DROPPING ring of willpower.
 11651 | Lair:3   | 11651 ||| DRINKING 2 sedimented red potions.
 11652 | Lair:3   | 11652 ||| DRINKING 7 potions of curing.
 11652 | Lair:3   | 11652 ||| (to cure confusion)
 11653 | Lair:3   | 11653 ||| DROPPING potion of ambrosia.
 11728 | Lair:4   | 11728 ||| RETREEAATING.
 11729 | Lair:4   | 11729 ||| STILL RETREEAATING.
 11730 | Lair:4   | 11730 ||| INVOKING Heroism.
 11733 | Lair:4   | 11733 ||| Stepping ~*~*~tactically~*~*~ (retreating).
 11734 | Lair:4   | 11734 ||| Stepping ~*~*~tactically~*~*~ (retreating).
 11738 | Lair:4   | 11738 ||| Stepping ~*~*~tactically~*~*~ (retreating).
 11740 | Lair:4   | 11740 ||| Stepping ~*~*~tactically~*~*~ (retreating).
 11761 | Lair:4   | 11761 ||| INVOKING Heroism.
 11770 | Lair:4   | Reached skill level 17 in Ranged Weapons
 11952 | Lair:4   | 11952 ||| RETREEAATING.
 11953 | Lair:4   | 11953 ||| STILL RETREEAATING.
 11954 | Lair:4   | 11954 ||| STILL RETREEAATING.
 11955 | Lair:4   | 11955 ||| STILL RETREEAATING.
 11956 | Lair:4   | 11956 ||| STILL RETREEAATING.
 11957 | Lair:4   | 11957 ||| STILL RETREEAATING.
 11958 | Lair:4   | 11958 ||| STILL RETREEAATING.
 11959 | Lair:4   | 11959 ||| STILL RETREEAATING.
 12144 | Lair:4   | Found a staircase to the Slime Pits.
 12145 | Lair:4   | Found a viscous altar of Jiyva.
 12316 | Lair:4   | 12316 ||| RETREEAATING.
 12317 | Lair:4   | 12317 ||| Stepping ~*~*~tactically~*~*~ (retreating).
 12318 | Lair:4   | 12318 ||| Stepping ~*~*~tactically~*~*~ (retreating).
 12319 | Lair:4   | 12319 ||| Stepping ~*~*~tactically~*~*~ (retreating).
 12322 | Lair:4   | 12322 ||| Stepping ~*~*~tactically~*~*~ (retreating).
 12469 | Lair:5   | Entered Level 5 of the Lair of Beasts
 12470 | Lair:5   | 12470 ||| INVOKING Heroism.
 12471 | Lair:5   | 12471 ||| STAIRDANCE
 12513 | Lair:5   | 12513 ||| RETREEAATING.
 12515 | Lair:5   | 12515 ||| STILL RETREEAATING.
 12516 | Lair:5   | 12516 ||| STILL RETREEAATING.
 12517 | Lair:5   | 12517 ||| STILL RETREEAATING.
 12518 | Lair:5   | 12518 ||| STILL RETREEAATING.
 12519 | Lair:5   | 12519 ||| RETREEAATING.
 12520 | Lair:5   | 12520 ||| Stepping ~*~*~tactically~*~*~ (retreating).
 12565 | Lair:5   | 12565 ||| FLEEEEING.
 12579 | Lair:5   | 12579 ||| RETREEAATING.
 12580 | Lair:5   | 12580 ||| STILL RETREEAATING.
 12581 | Lair:5   | 12581 ||| Stepping ~*~*~tactically~*~*~ (retreating).
 12585 | Lair:5   | 12585 ||| Stepping ~*~*~tactically~*~*~ (retreating).
 12607 | Lair:5   | Reached ***** piety under Okawaru
 12629 | Lair:5   | 12629 ||| INVOKING Heroism.
 12634 | Lair:5   | Reached skill level 6 in Invocations
 12751 | Lair:5   | 12751 ||| Stepping ~*~*~tactically~*~*~ (retreating).
 12752 | Lair:5   | 12752 ||| Stepping ~*~*~tactically~*~*~ (retreating).
 12753 | Lair:5   | 12753 ||| Stepping ~*~*~tactically~*~*~ (retreating).
 12787 | Lair:5   | 12787 ||| INVOKING Heroism.
 12818 | Lair:5   | 12818 ||| RETREEAATING.
 12819 | Lair:5   | 12819 ||| STILL RETREEAATING.
 12820 | Lair:5   | 12820 ||| STILL RETREEAATING.
 12821 | Lair:5   | 12821 ||| STILL RETREEAATING.
 12822 | Lair:5   | 12822 ||| STILL RETREEAATING.
 12823 | Lair:5   | 12823 ||| Stepping ~*~*~tactically~*~*~ (retreating).
 12824 | Lair:5   | 12824 ||| Stepping ~*~*~tactically~*~*~ (retreating).
 12825 | Lair:5   | 12825 ||| Stepping ~*~*~tactically~*~*~ (retreating).
 12826 | Lair:5   | 12826 ||| Stepping ~*~*~tactically~*~*~ (retreating).
 12830 | Lair:5   | 12830 ||| INVOKING Heroism.
 12862 | Lair:5   | 12862 ||| INVOKING Heroism.
 12880 | Lair:5   | Gained mutation: Your large and strong wings let you fly.
                  | [Gargoyle growth]
 12880 | Lair:5   | Reached XP level 14. HP: 94/94 MP: 19/19
 12889 | Lair:5   | 12889 ||| Stepping ~*~*~tactically~*~*~ (retreating).
 12897 | Lair:5   | 12897 ||| INVOKING Heroism.
 13025 | Lair:5   | Received a gift from Okawaru
 13072 | Lair:5   | 13072 ||| RETREEAATING.
 13073 | Lair:5   | 13073 ||| STILL RETREEAATING.
 13074 | Lair:5   | 13074 ||| STILL RETREEAATING.
 13079 | Lair:5   | 13079 ||| Stepping ~*~*~tactically~*~*~ (retreating).
 13081 | Lair:5   | 13081 ||| Stepping ~*~*~tactically~*~*~ (retreating).
 13082 | Lair:5   | 13082 ||| Stepping ~*~*~tactically~*~*~ (retreating).
 13083 | Lair:5   | 13083 ||| Stepping ~*~*~tactically~*~*~ (retreating).
 13084 | Lair:5   | 13084 ||| Stepping ~*~*~tactically~*~*~ (retreating).
 13085 | Lair:5   | 13085 ||| Stepping ~*~*~tactically~*~*~ (retreating).
 13086 | Lair:5   | 13086 ||| Stepping ~*~*~tactically~*~*~ (retreating).
 13090 | Lair:5   | 13090 ||| Stepping ~*~*~tactically~*~*~ (retreating).
 13092 | Lair:5   | 13092 ||| Stepping ~*~*~tactically~*~*~ (retreating).
 13093 | Lair:5   | 13093 ||| Stepping ~*~*~tactically~*~*~ (retreating).
 13094 | Lair:5   | 13094 ||| Stepping ~*~*~tactically~*~*~ (retreating).
 13096 | Lair:5   | 13096 ||| Stepping ~*~*~tactically~*~*~ (retreating).
 13109 | Lair:5   | Reached skill level 18 in Ranged Weapons
 13111 | Lair:5   | 13111 ||| FLEEEEING.
 13112 | Lair:5   | 13112 ||| RETREEAATING.
 13186 | Lair:5   | 13186 ||| INVOKING Heroism.
 13219 | Lair:5   | 13219 ||| DROPPING +3 ring mail.
 13223 | Lair:5   | 13223 ||| RETREEAATING.
 13224 | Lair:5   | 13224 ||| STILL RETREEAATING.
 13227 | Lair:5   | 13227 ||| Stepping ~*~*~tactically~*~*~ (retreating).
 13236 | Lair:5   | 13236 ||| Stepping ~*~*~tactically~*~*~ (retreating).
 13354 | Lair:5   | 13354 ||| READING scroll of enchant weapon.
 13354 | Lair:5   | 13354 ||| ENCHANTING +0 longbow.
 13738 | Lair:5   | 13738 ||| PLANNING D:1-11
 13738 | Lair:5   | 13738 ||| DROPPING +3 leather armour.
 13739 | Lair:5   | 13739 ||| UPGRADING to amulet of reflection.
 13749 | Lair:5   | 13749 ||| DROPPING amulet of regeneration.
 13750 | Lair:5   | 13750 ||| DROPPING ring of flight.
 13832 | D:11     | 13832 ||| STAIRDANCE
 13939 | D:11     | 13939 ||| STAIRDANCE
 13954 | D:11     | 13954 ||| STAIRDANCE
 13983 | D:11     | 13983 ||| STAIRDANCE
 13985 | D:10     | 13985 ||| Stepping ~*~*~tactically~*~*~ (retreating).
 13986 | D:10     | 13986 ||| Stepping ~*~*~tactically~*~*~ (retreating).
 13987 | D:10     | 13987 ||| Stepping ~*~*~tactically~*~*~ (retreating).
 13988 | D:10     | 13988 ||| RETREEAATING.
 13989 | D:10     | 13989 ||| Stepping ~*~*~tactically~*~*~ (retreating).
 14023 | D:11     | 14023 ||| STAIRDANCE
 14032 | D:10     | Reached skill level 9 in Invocations
 14048 | D:11     | 14048 ||| STAIRDANCE
 14068 | D:11     | 14068 ||| STAIRDANCE
 14078 | D:11     | 14078 ||| STAIRDANCE
 14191 | D:11     | 14191 ||| STAIRDANCE
 14346 | D:11     | Found a staircase to the Orcish Mines.
 14377 | D:11     | Received a gift from Okawaru
 14727 | D:11     | 14727 ||| PLANNING D
 14736 | D:12     | 14736 ||| STAIRDANCE
 14749 | D:11     | 14749 ||| FLEEEEING.
 14750 | D:11     | 14750 ||| FLEEEEING.
 14755 | D:11     | 14755 ||| STAIRDANCE
 14869 | D:12     | 14869 ||| STAIRDANCE
 14880 | D:12     | 14880 ||| STAIRDANCE
 14888 | D:12     | 14888 ||| STAIRDANCE
 14908 | D:12     | 14908 ||| STAIRDANCE
 14919 | D:12     | 14919 ||| STAIRDANCE
 14973 | D:12     | Noticed Fannar
 14975 | D:12     | 14975 ||| INVOKING Heroism.
 14994 | D:12     | Killed Fannar
 15118 | D:12     | 15118 ||| Stepping ~*~*~tactically~*~*~ (retreating).
 15119 | D:12     | 15119 ||| Stepping ~*~*~tactically~*~*~ (retreating).
 15124 | D:12     | 15124 ||| Stepping ~*~*~tactically~*~*~ (retreating).
 15125 | D:12     | 15125 ||| Stepping ~*~*~tactically~*~*~ (retreating).
 15126 | D:12     | 15126 ||| Stepping ~*~*~tactically~*~*~ (retreating).
 15126 | D:12     | Found Bynygasi's Armour Shoppe.
 15127 | D:12     | 15127 ||| Stepping ~*~*~tactically~*~*~ (retreating).
 15130 | D:12     | 15130 ||| Stepping ~*~*~tactically~*~*~ (retreating).
 15133 | D:12     | 15133 ||| INVOKING Heroism.
 15207 | D:12     | Identified the +0 chain mail "Analer" {rPois}
 15224 | D:12     | 15224 ||| BUYING +1 cloak of willpower (247 gold).
 15224 | D:12     | Bought a +1 cloak of willpower for 247 gold pieces
 15224 | D:12     | 15224 ||| BUYING +2 ring mail of fire resistance (315
                  | gold).
 15224 | D:12     | Bought a +2 ring mail of fire resistance for 315 gold
                  | pieces
 15382 | D:12     | Found Keawna's Jewellery Shoppe.
 15391 | D:12     | 15391 ||| SHOPLISTING +6 ring of dexterity (504 gold, have
                  | 314).
 15630 | D:12     | 15630 ||| UPGRADING to +1 cloak of willpower.
 15640 | D:12     | 15640 ||| DROPPING +1 cloak.
 15641 | D:12     | 15641 ||| UPGRADING to +2 ring mail of fire resistance.
 15651 | D:12     | 15651 ||| READING 8 scrolls of identify.
 15651 | D:12     | 15651 ||| IDENTIFYING murky blue potion
 15652 | D:12     | 15652 ||| READING 7 scrolls of identify.
 15652 | D:12     | 15652 ||| IDENTIFYING viscous golden potion
 15653 | D:12     | 15653 ||| DROPPING potion of berserk rage.
 15694 | D:13     | 15694 ||| Stepping randomly (disturbance).
 15695 | D:13     | 15695 ||| Stepping randomly (disturbance).
 15696 | D:13     | 15696 ||| Stepping randomly (disturbance).
 15697 | D:13     | 15697 ||| Stepping randomly (disturbance).
 15699 | D:13     | 15699 ||| Stepping randomly (disturbance).
 15700 | D:13     | 15700 ||| Stepping randomly (disturbance).
 15701 | D:13     | 15701 ||| Stepping randomly (disturbance).
 15702 | D:13     | 15702 ||| Stepping randomly (disturbance).
 15703 | D:13     | 15703 ||| Stepping randomly (disturbance).
 15732 | D:13     | 15732 ||| Stepping randomly (disturbance).
 15740 | D:13     | 15740 ||| Stepping ~*~*~tactically~*~*~ (retreating).
 15742 | D:13     | 15742 ||| Stepping ~*~*~tactically~*~*~ (retreating).
 15756 | D:13     | 15756 ||| Stepping ~*~*~tactically~*~*~ (retreating).
 15757 | D:13     | 15757 ||| INVOKING Heroism.
 15768 | D:13     | Noticed Josephine
 15776 | D:13     | 15776 ||| Stepping ~*~*~tactically~*~*~ (retreating).
 15777 | D:13     | 15777 ||| Stepping ~*~*~tactically~*~*~ (retreating).
 15778 | D:13     | 15778 ||| Stepping ~*~*~tactically~*~*~ (retreating).
 15779 | D:13     | 15779 ||| Stepping ~*~*~tactically~*~*~ (retreating).
 15780 | D:13     | 15780 ||| Stepping ~*~*~tactically~*~*~ (retreating).
 15781 | D:13     | 15781 ||| Stepping ~*~*~tactically~*~*~ (retreating).
 15786 | D:13     | 15786 ||| Stepping ~*~*~tactically~*~*~ (retreating).
 15788 | D:13     | 15788 ||| Stepping ~*~*~tactically~*~*~ (retreating).
 15799 | D:13     | HP: 22/92 [Josephine/ghostly fireball (8)]
 15800 | D:13     | 15800 ||| READING 7 scrolls of teleportation.
 15801 | D:13     | 15801 ||| DRINKING 6 potions of heal wounds.
 15820 | D:13     | 15820 ||| INVOKING Heroism.
 15861 | D:13     | Killed Josephine
 15870 | D:13     | Reached skill level 19 in Ranged Weapons
 16253 | D:14     | 16253 ||| INVOKING Heroism.
 16288 | D:14     | 16288 ||| RETREEAATING.
 16289 | D:14     | 16289 ||| STILL RETREEAATING.
 16290 | D:14     | 16290 ||| INVOKING Finesse.
 16296 | D:14     | 16296 ||| Stepping ~*~*~tactically~*~*~ (retreating).
 16308 | D:14     | Noticed a fire giant
 16309 | D:14     | 16309 ||| Stepping ~*~*~tactically~*~*~ (retreating).
 16310 | D:14     | 16310 ||| Stepping ~*~*~tactically~*~*~ (retreating).
 16311 | D:14     | 16311 ||| Stepping ~*~*~tactically~*~*~ (retreating).
 16311 | D:14     | Noticed a frost giant
 16312 | D:14     | 16312 ||| Stepping ~*~*~tactically~*~*~ (retreating).
 16313 | D:14     | 16313 ||| Stepping ~*~*~tactically~*~*~ (retreating).
 16314 | D:14     | 16314 ||| Stepping ~*~*~tactically~*~*~ (retreating).
 16315 | D:14     | 16315 ||| Stepping ~*~*~tactically~*~*~ (retreating).
 16316 | D:14     | 16316 ||| Stepping ~*~*~tactically~*~*~ (retreating).
 16316 | D:14     | HP: 19/94 [fire giant/bolt of fire (25)]
 16317 | D:14     | 16317 ||| READING 6 scrolls of teleportation.
 16318 | D:14     | 16318 ||| DRINKING 5 potions of heal wounds.
 16319 | D:14     | 16319 ||| Stepping ~*~*~tactically~*~*~ (retreating).
 16322 | D:14     | 16322 ||| INVOKING Heroism.
 16351 | D:14     | Reached skill level 9 in Armour
 16351 | D:14     | Reached XP level 15. HP: 42/98 MP: 22/22
 16366 | D:14     | 16366 ||| INVOKING Finesse.
 16370 | D:14     | 16370 ||| INVOKING Heroism.
 16374 | D:14     | Killed from afar by a frost giant

Levels and vault maps discovered:
D:1:      onia_arrival_zoo_common, layout_loops_cross, serial_shops,
          nicolae_shop_overgrown_old_shop, dreamdust_ecumenical_altar_statues
D:2:      layout_rooms, serial_shops, shop_statue, mrwooster_statue_mirror,
          minmay_unequal, uniq_sigmund, uniq_natasha
D:3:      layout_basic, lemuel_tele_altar, serial_shops,
          nicolae_shop_industrial_runoff
D:4:      layout_loops_ring, nicolae_qazlal_style_of_elements,
          lemuel_coloured_pillars_altar, minmay_small_thing
D:5:      layout_loops_corners, nicolae_gozag_conspicuous_consumption,
          serial_rivers, chequers_serial_rivers_micro_c,
          chequers_serial_rivers_micro_c, chequers_serial_rivers_micro_a,
          chequers_serial_rivers_marsh, uniq_menkaure
D:6:      hellmonk_crumbling_castle, layout_cave_pools,
          minmay_temple_entry_statues_pillars, nicolae_nh_oracle_at_delphi,
          uniq_blork_the_orc
D:7:      layout_layer_cave, kennysheep_mini_moat, st_stairs_12,
          minmay_misc_feat_ornament
D:8:      minmay_the_grid_square_5x5_3x3
          [minmay_the_grid_square_5x5_broken_cross,
          minmay_the_grid_square_5x5_empty,
          minmay_the_grid_square_5x5_eight_small,
          minmay_the_grid_square_5x5_dogpile,
          minmay_the_grid_square_5x5_megaprize_hollow,
          minmay_the_grid_square_5x5_forky, minmay_the_grid_square_5x5_minimal,
          minmay_the_grid_square_5x5_percent,
          minmay_the_grid_square_5x5_inner_v], layout_basic, slow_altar_1,
          mainiacjoe_overflow_alcove_2, dreamdust_wishing_well, uniq_grum
D:9:      layout_irregular_city, uniq_maurice, uniq_erolcha, uniq_erica
D:10:     layout_roguey, tso_metal_star, okawaru_altar_gauntlet_db,
          kennysheep_orc_sif_temple, mainiacjoe_overflow_24_doors,
          erik_lair_orcish_takeover, enter_trove_3, serial_shops, shop,
          nicolae_shop_back_alley_shop, shop
D:11:     nicolae_moon_pools, layout_cross, orc_0_dummy, tgw_trog
D:12:     layout_loops_ring, serial_shops, nicolae_shop_gaudy_bauble, shop,
          small_statue_intersection, st_stairs_10, kennysheep_minor_cross,
          uniq_fannar
D:13:     layout_rooms, grunt_ministairs_12, uniq_josephine
D:14:     minmay_containers, layout_small_grid, david_vaults_4,
          minmay_misc_feat_columns
Temple:   hellmonk_temple_divided_pantheon
Lair:1:   layout_cave_pods, nzn_masters_of_martial_movement
Lair:2:   layout_regular_city, elwin_shoals_entry_stream,
          grunt_forest_large_clearings, grunt_megastairs_5
Lair:3:   layout_chaotic_city, dummy_snake_entry, minmay_hedge_maze,
          hangedman_tree_tricks
Lair:4:   layout_regular_city, slime_entry_1
Lair:5:   hangedman_lair_tendril_chambers, layout_cellular_growth,
          serial_bayou_pond_c

Skill      XL: |  1  2  3  4  5  6  7  8  9 10 11 12 13 14 |
---------------+-------------------------------------------+-----
Ranged Weapons | 5 6 7 8 9 15 16 17 19 | 19.0
Fighting       | 3 4 6 9 10 12 13 | 13.0
Armour         | 1 2 3 5 7 9 |  9.3
Dodging        | 2 3 5 6 |  6.7
Invocations    | 4 7 10 | 10.0
Stealth        | |  1.1

Action                     |  1- 3 |  4- 6 |  7- 9 | 10-12 | 13-15 || total
---------------------------+-------+-------+-------+-------+-------++-------
   Fire: Shortbow          |    87 |   115 |   172 |   176 |       ||   550
         Orcbow            |       |       |       |   962 |   121 ||  1083
         Longbow           |       |       |       |       |   985 ||   985
 Invoke: Heroism           |       |       |       |     6 |    22 ||    28
         Finesse           |       |       |       |       |     2 ||     2
    Use: Scroll            |     6 |     5 |     9 |     5 |     6 ||    31
         Potion            |     1 |       |     3 |       |     4 ||     8
 Armour: Leather armour    |    34 |     8 |       |       |       ||    42
         Ring mail         |       |    18 |    21 |       |    87 ||   126
         Acid dragon scale |       |       |    22 |   155 |       ||   177
         Troll leather arm |       |       |       |   186 |   245 ||   431
  Dodge: Dodged            |    33 |    28 |    64 |   543 |   641 ||  1309
  Block: Other             |       |       |       |       |    82 ||    82
         Reflection        |       |       |       |       |     6 ||     6

Table legend:
 A = Non-vault XP
 B = Vault XP
 C = Vault XP percentage of total XP
 D = Non-vault monster count
 E = Vault monster count
 F = Vault count percentage of total count
                 A         B        C        D         E       F
            +---------+---------+-------+---------+---------+-------
      Total |   60694 |   25198 |  29.3 |     370 |     116 |  23.9
            +---------+---------+-------+---------+---------+-------
        D:1 |      39 |       0 |   0.0 |      25 |       0 |   0.0
        D:2 |      41 |     293 |  87.7 |      11 |       4 |  26.7
        D:3 |     140 |       0 |   0.0 |      14 |       0 |   0.0
        D:4 |     364 |     153 |  29.6 |      26 |       1 |   3.7
        D:5 |     373 |     169 |  31.2 |      18 |       1 |   5.3
        D:6 |     654 |     238 |  26.7 |      12 |       3 |  20.0
        D:7 |    1176 |     117 |   9.0 |      24 |       2 |   7.7
        D:8 |     780 |    1601 |  67.2 |      17 |      15 |  46.9
        D:9 |    3372 |    2198 |  39.5 |      13 |       3 |  18.8
       D:10 |    5165 |     945 |  15.5 |      39 |      22 |  36.1
       D:11 |    4483 |     231 |   4.9 |      23 |       5 |  17.9
       D:12 |    5156 |     870 |  14.4 |      17 |       1 |   5.6
       D:13 |    2463 |    2709 |  52.4 |       9 |       7 |  43.8
       D:14 |    3320 |    1833 |  35.6 |       6 |       3 |  33.3
     Lair:1 |    4457 |     840 |  15.9 |      21 |       1 |   4.5
     Lair:2 |    8210 |    2637 |  24.3 |      27 |      12 |  30.8
     Lair:3 |    3746 |    1077 |  22.3 |      14 |       2 |  12.5
     Lair:4 |    6039 |       0 |   0.0 |      16 |       0 |   0.0
     Lair:5 |   10716 |    9287 |  46.4 |      38 |      34 |  47.2
            +---------+---------+-------+---------+---------+-------
